Map: Celestial Enclave LE

Players

LukaDragon - Winner!

  • Race: Terran Terran
  • League: Gold
  • Spawn Location: 1:00

SCIInewby

  • Race: Zerg Zerg
  • League: Master
  • Spawn Location: 7:00

VOD

Have the link to the VOD?

Description

Time

  • Played on: Feb. 6, 2026, 9:38 p.m.
  • Length: 26:27
Show
View Real Time Build Order
Export as new Build Order

LukaDragon Terran - Winner!

Build Orders:  

Get SALT Encoding   

  12  0:00  SCV  
  13  0:12  SCV  
  14  0:17  Supply Depot  
  14  0:24  SCV  
  15  0:38  SCV  
  15  0:39  Barracks  
  16  0:44  Refinery  
  16  0:54  Supply Depot  
  16  1:01  SCV  
  17  1:12  Barracks  
  17  1:26  Orbital Command  
  17  1:30  Barracks Reactor  
  17  1:45  Refinery  
  17  2:08  Command Center  
  17  2:14  Barracks Tech Lab  
  17  2:17  Marine  
  17  2:19  Marine  
  19  2:23  SCV  
  20  2:47  Concussive Shells  
  20  3:01  Factory  
  20  3:06  Barracks  
  20  3:07  Marine x2  
  20  3:09  Marauder  
  24  3:18  Barracks  
  24  3:32  Stimpack  
  24  3:35  Marine  
  24  3:39  SCV  
  26  3:45  SCV  
  27  3:51  Factory Tech Lab  
  27  4:06  Starport  
  27  4:09  Barracks Tech Lab  
  27  4:12  Barracks Reactor  
  27  4:20  Siege Tank  
  30  4:29  Combat Shield  
  30  4:39  SCV x2  
  30  4:45  Starport Reactor  
  32  4:53  Engineering Bay  
  32  4:55  Engineering Bay  
  32  5:00  Marauder  
  34  5:14  Siege Tank  
  37  5:23  Medivac  
  39  5:28  Refinery  
  39  5:41  Medivac  
  41  5:50  SCV x2  
  43  6:02  SCV  
  43  6:03  SCV  
  45  6:14  SCV  
  46  6:23  Marine x6  
  46  6:24  SCV  
  53  6:36  Terran Infantry Weapons Level 1, Supply Depot  
  53  6:37  Terran Infantry Armor Level 1  
  53  6:57  Medivac  
  53  7:00  Marine  
  59  7:05  Supply Depot  
  59  7:06  SCV x2  
  58  7:18  SCV x2  
  60  7:30  SCV x2  
  60  7:35  Supply Depot  
  62  7:42  Armory  
  62  7:44  SCV x2  
  64  8:02  Medivac  
  64  8:03  Medivac  
  68  8:10  Marauder x2  
  72  8:31  Terran Infantry Weapons Level 2  
  72  8:32  Marauder  
  72  8:33  Terran Infantry Armor Level 2  
  74  8:42  Marine x2  
  74  8:44  Marauder  
  78  8:50  Supply Depot  
  78  8:53  Supply Depot, Medivac x2  
  78  8:54  Marauder  
  84  9:01  Marine  
  84  9:02  Marine x3  
  86  9:04  Marine  
  82  9:14  Marine  
  83  9:19  Marine  
  83  9:20  Marine x3  
  83  9:22  Marine  
  87  9:32  Marine  
  87  9:37  Marine  
  87  9:38  Marine x3  
  92  9:40  Marine  
  93  9:49  SCV  
  93  9:50  Marine  
  93  9:52  Orbital Command  
  95  9:55  Marine  
  95  9:56  Missile Turret  
  95  9:58  Missile Turret  
  96  10:03  Missile Turret  
  96  10:05  Viking  
  94  10:55  Marine x4  
  94  10:56  Marine x2  
  94  11:09  Terran Infantry Weapons Level 3  
  94  11:10  Terran Infantry Armor Level 3  
  94  11:13  Marine x5  
  94  11:14  Marine  
  100  11:18  SCV x2  
  102  11:33  Missile Turret  
  101  11:49  SCV  
  102  12:08  Terran Vehicle Weapons Level 1  
  102  12:13  Supply Depot  
  102  12:24  Supply Depot  
  102  12:25  Supply Depot  
  102  12:33  Marine x2  
  102  12:34  Marine x2, SCV x2  
  102  12:36  Supply Depot  
  108  12:42  Marine x2  
  110  12:46  SCV  
  92  13:23  Marine x5  
  82  13:31  Marine  
  83  13:40  Marine  
  83  13:41  Marine x4  
  88  13:48  Marine  
  89  13:58  Marine x2  
  91  14:06  Armory  
  86  14:45  Marine x3  
  81  14:46  Marine x3  
  78  14:55  SCV x2  
  80  15:03  Marine x4  
  80  15:04  Command Center, Refinery  
  84  15:07  Refinery  
  84  15:11  Barracks  
  84  15:13  Barracks  
  84  15:14  Factory  
  84  15:15  Factory  
  84  15:19  Factory  
  83  15:35  Viking x2  
  81  15:46  Thor  
  81  15:48  Marine x3  
  87  15:58  Marine x3  
  87  16:03  Marine  
  86  16:11  Marine x2  
  87  16:21  Medivac  
  89  16:27  Medivac  
  91  16:34  Marine  
  92  16:50  SCV  
  92  16:53  SCV x2  
  95  17:05  Factory Tech Lab x2  
  95  17:15  Barracks Reactor  
  95  17:28  Medivac  
  96  17:43  Marine  
  96  17:44  Marine x3  
  80  18:03  Marine x3  
  81  18:24  Marine  
  82  18:35  Starport  
  82  18:39  Viking x2  
  84  19:15  Medivac x2  
  88  19:21  Orbital Command  
  88  19:24  SCV  
  89  19:25  SCV  
  90  19:43  Barracks Reactor  
  90  19:49  Thor x3  
  90  19:52  Marine x6  
  113  19:59  Medivac  
  116  20:05  Starport Tech Lab  
  116  20:09  Marine x2  
  118  20:18  Terran Vehicle Weapons Level 2  
  118  20:19  Terran Vehicle And Ship Armor Level 1  
  114  20:43  Marine x5  
  114  20:44  Marine x2  
  121  21:08  Medivac x3  
  121  21:10  Marine x2  
  121  21:11  Marine x5  
  131  21:12  Marine  
  135  21:28  Marine x3  
  135  21:29  Marine x3  
  141  21:44  Marine x2  
  141  21:46  Marine x2  
  145  21:59  SCV x2  
  145  22:00  SCV, Refinery  
  148  22:11  SCV x2  
  148  22:13  Marine x2  
  148  22:14  Marine x5  
  157  22:54  Command Center  
  157  23:00  Refinery  
  157  23:20  Command Center  
  157  23:22  Marine  
  157  23:24  Marine  
  157  23:53  Marine x7  
  157  23:55  Supply Depot  
  164  24:05  Command Center  
  164  24:16  Marine x7  
  171  24:18  SCV x2  
  171  24:22  Raven  
  175  24:31  SCV  
  175  24:53  Marine x4  
  175  24:54  Marine x2  
  181  25:06  Supply Depot, Marine  
  182  25:21  Refinery  
  179  26:01  Factory Tech Lab  
  179  26:03  Refinery  
Show
View Real Time Build Order
Export as new Build Order

SCIInewby Zerg 

Build Orders: Pool First, Swarm Host 

Get SALT Encoding   

  12  0:01  Drone  
  13  0:08  Drone  
  13  0:13  Extractor  
  13  0:16  Drone  
  15  0:22  Overlord  
  15  0:40  Spawning Pool  
  15  0:41  Drone  
  15  0:56  Extractor  
  14  1:05  Hatchery  
  13  1:12  Drone  
  13  1:13  Drone  
  13  1:15  Drone  
  16  1:29  Drone  
  17  1:37  Zergling x2  
  18  1:41  Queen  
  18  1:46  Zergling x2  
  21  1:56  Zergling x2  
  22  2:16  Roach Warren  
  22  2:19  Drone x3, Extractor  
  23  2:31  Zergling x4  
  25  2:39  Drone x2  
  24  2:53  Zergling x4  
  24  2:54  Zergling x4, Metabolic Boost  
  28  3:11  Overlord x3  
  28  3:19  Overlord  
  27  3:27  Overlord x2  
  27  3:34  Drone x2  
  29  3:36  Drone  
  30  3:49  Queen  
  34  3:55  Roach  
  34  4:07  Lair  
  34  4:14  Drone x3  
  37  4:25  Zergling x6  
  37  4:26  Zergling x2  
  41  4:38  Spore Crawler  
  40  4:40  Spore Crawler  
  39  4:46  Roach  
  39  4:47  Evolution Chamber  
  39  4:48  Drone  
  41  4:57  Roach  
  41  4:58  Roach  
  45  5:05  Glial Reconstitution  
  44  5:16  Spire  
  44  5:19  Zergling x4  
  44  5:20  Zergling x2  
  45  5:29  Extractor  
  45  5:30  Extractor  
  45  5:33  Drone x3  
  46  5:45  Zergling x2  
  46  5:46  Zergling x6  
  39  6:07  Drone x5  
  44  6:20  Zergling x2  
  44  6:23  Mutalisk x2  
  44  6:25  Zergling x2  
  50  6:27  Mutalisk  
  52  6:34  Overlord  
  52  6:57  Overlord  
  52  6:58  Overlord x2  
  52  6:59  Overlord  
  52  7:06  Overlord  
  52  7:16  Roach x2  
  56  7:22  Mutalisk  
  58  7:30  Mutalisk  
  60  7:45  Drone x3  
  60  7:46  Drone x3  
  57  8:05  Drone  
  57  8:06  Drone  
  59  8:26  Hatchery  
  58  8:27  Hatchery  
  58  8:32  Queen  
  59  8:35  Queen  
  62  8:48  Drone  
  62  8:49  Drone x5  
  67  8:57  Mutalisk  
  67  8:58  Mutalisk  
  71  9:09  Mutalisk  
  71  9:10  Mutalisk  
  69  9:29  Zergling x2  
  69  9:31  Roach x4  
  72  9:32  Roach x3  
  82  9:42  Corruptor x2  
  86  9:55  Drone  
  86  9:56  Drone x6  
  93  10:11  Infestation Pit  
  92  10:16  Mutalisk  
  92  10:17  Mutalisk x4  
  92  10:21  Overlord  
  96  10:38  Mutalisk x4  
  96  10:40  Overlord x2  
  96  10:41  Overlord  
  104  10:48  Corruptor  
  104  10:49  Corruptor  
  103  10:57  Mutalisk x2  
  103  10:58  Overlord  
  103  11:03  Drone x3  
  110  11:04  Drone  
  111  11:21  Hive  
  111  11:22  Neural Parasite  
  111  11:23  Swarm Host x3  
  120  11:29  Extractor  
  120  11:32  Extractor  
  118  11:33  Drone x5  
  118  11:34  Extractor, Drone  
  113  11:43  Mutalisk  
  113  11:44  Roach x3  
  113  11:46  Roach  
  109  11:49  Swarm Host  
  112  11:56  Drone x3  
  115  12:03  Drone x4  
  115  12:04  Drone x3  
  122  12:11  Corruptor x2  
  122  12:14  Corruptor  
  128  12:20  Drone x3  
  128  12:21  Drone  
  128  12:22  Drone  
  133  12:24  Overlord  
  133  12:27  Overlord  
  133  12:40  Burrow  
  133  12:42  Greater Spire  
  118  13:28  Zergling x2, Mutalisk  
  118  13:29  Roach x4  
  118  13:30  Roach x2  
  128  13:34  Overlord x4  
  128  13:35  Overlord x3  
  128  13:50  Overlord x2  
  128  13:51  Overlord x11  
  128  14:04  Brood Lord  
  128  14:05  Brood Lord x3  
  128  14:06  Brood Lord  
  128  14:09  Mutalisk  
  140  14:10  Mutalisk  
  140  14:12  Zergling x4  
  125  14:48  Corruptor x3  
  125  14:49  Corruptor x4  
  139  15:13  Mutalisk x3  
  139  15:14  Mutalisk, Zergling x2  
  144  15:19  Mutalisk  
  142  15:38  Drone  
  142  15:39  Drone x10  
  112  16:05  Hatchery  
  105  16:13  Roach x10  
  125  16:18  Brood Lord x2  
  125  16:19  Brood Lord x2  
  125  16:21  Brood Lord  
  135  16:32  Mutalisk  
  137  16:35  Hatchery  
  136  16:41  Roach  
  136  16:42  Roach x8  
  154  17:03  Queen x3  
  154  17:05  Mutalisk x3  
  166  17:12  Zergling x2  
  166  17:13  Roach x2  
  166  17:14  Roach x6  
  183  17:20  Drone  
  183  17:21  Drone x4  
  188  17:29  Zerg Flyer Armor Level 1  
  131  18:03  Mutalisk  
  131  18:04  Mutalisk x4  
  133  18:10  Drone x6  
  133  18:11  Drone x6  
  133  18:12  Drone x6  
  151  18:26  Corruptor  
  151  18:27  Corruptor  
  155  18:35  Roach x2  
  162  18:45  Extractor  
  162  18:47  Extractor  
  162  18:48  Extractor  
  159  18:49  Drone  
  159  18:50  Drone x8, Extractor  
  159  18:51  Drone  
  168  19:04  Roach x3  
  168  19:05  Roach x10  
  186  19:12  Roach  
  186  19:13  Roach x2  
  186  19:14  Roach  
  184  19:23  Zerg Flyer Weapons Level 1  
  196  19:46  Roach x21  
  199  19:53  Overlord  
  199  19:54  Overlord x12  
  199  19:59  Swarm Host  
  139  20:59  Swarm Host  
  139  21:01  Mutalisk  
  139  21:02  Zergling x2  
  139  21:03  Zergling x22  
  139  21:04  Zergling x30  
  165  21:29  Mutalisk x2  
  165  21:30  Zergling x4, Mutalisk x3  
  165  21:31  Mutalisk x5  
  165  21:32  Mutalisk  
  176  21:38  Zergling x2  
  149  21:47  Zergling x2  
  149  21:48  Zergling x26  
  163  22:23  Unknown  
  162  22:34  Zergling x2  
  162  22:35  Zergling x34  
  162  22:36  Zergling x16  
  188  22:44  Queen  
  185  22:59  Hatchery  
  185  23:03  Zergling x2  
  185  23:04  Zergling x20  
  185  23:05  Zergling x12  
  164  23:24  Mutalisk, Zergling x2  
  164  23:25  Zergling x2  
  164  23:26  Viper x2, Roach x2  
  164  23:27  Roach x2, Mutalisk  
  163  23:28  Roach, Mutalisk x3  
  105  24:39  Mutalisk x6  
  105  24:40  Mutalisk x4  
  116  24:47  Zergling x2  
  116  24:48  Zergling x28  
  104  24:54  Swarm Host x2  
  103  25:02  Zergling x8  
  103  25:03  Zergling x2  
  108  25:10  Zergling x12  
  98  25:22  Mutalisk, Zergling x2  
  98  25:23  Zergling x2  
  92  25:30  Swarm Host  
  84  25:36  Zergling x2  
  84  25:37  Zergling x16  
  84  25:56  Mutalisk  
  86  25:58  Zergling x2  
  87  26:06  Zergling x2  
  87  26:07  Zergling x6  
  87  26:08  Zergling x2  
  87  26:09  Zergling x4  
Tags
 
Composition
Swarm Host
Matchup
TvZ
Opening
Pool First
Replay Pack
Multiplayer
Spawn Locations
Cross Positions
Add a new tag
Caveats
  • Supply blocks, unpowered buildings, or Contaminate may cause inaccurate times.
  • Supply counts are checked every 10 seconds.